 Dungeon Crawl Stone Soup version 0.20-a0-502-g555d78b (webtiles) character file.

5 Amnesiac the Magician (level 1, 0/13 HPs)
             Began as a Mummy Enchanter on Jan 20, 2017.
             Slain by an ooze (3 damage)
             ... on level 1 of the Dungeon.
             The game lasted 00:01:17 (328 turns).

Amnesiac the Magician (Mummy Enchanter)              Turns: 328, Time: 00:01:17

Health: 0/13       AC:  2    Str: 11    XL:     1   Next: 66%
Magic:  3/4        EV: 12    Int: 14    God:
Gold:   5          SH:  0    Dex: 12    Spells: 4/5 levels left

rFire    x . .     SeeInvis .   a - +1 dagger
rCold    + . .     Gourm    .   b - +0 robe
rNeg     + + +     Faith    .   (no shield)
rPois    ∞         Spirit   .   (no helmet)
rElec    .         Reflect  .   (no cloak)
rCorr    .         Harm     .   (no gloves)
MR       .....                  (no boots)
Stlth    ++........             (no amulet)
Regen    0.1/turn               (no ring)
                                (no ring)

@: no status effects
A: no food or potions, fire vulnerability, cold resistance 1, negative energy
resistance 3, torment resistance, unbreathing
a: no special abilities


You were on level 1 of the Dungeon.
You were not hungry.

You visited 1 branch of the dungeon, and saw 2 of its levels.

You collected 5 gold pieces.

Inventory:

Hand Weapons
 a - a +1 dagger (weapon)
Armour
 b - a +0 robe (worn)
Books
 c - a book of Maledictions

   Spells                             Type                      Level
   a - Corona                         Hexes                        1
   b - Ensorcelled Hibernation        Hexes/Ice                    2
   c - Confuse                        Hexes                        3
   d - Tukima's Dance                 Hexes                        3
   e - Dazzling Spray                 Conjuration/Hexes            3


   Skills:
 - Level 1.0 Short Blades
 - Level 1.6 Dodging
 - Level 2.4 Stealth
 + Level 2.8 Spellcasting
 * Level 2.8 Hexes


You had 4 spell levels left.
You knew the following spells:

 Your Spells              Type           Power        Failure   Level  Hunger
f - Corona                Hex            #......      10%         1    N/A

Dungeon Overview and Level Annotations

Branches:
Dungeon (2/15)

Altars:

Annotations:
D:2 Ijyb


Innate Abilities, Weirdness & Mutations

You do not eat or drink.
Your flesh is vulnerable to fire.
You are immune to poison.
Your flesh is cold resistant. (rC+)
You are immune to negative energy. (rN+++)
You are immune to unholy pain and torment.
You can survive without breathing.


Message History

Aim: an ooze (chance to defeat MR: 44%)
The ooze resists with significant effort.
The ooze hits you.
Your magical contamination has completely faded away.
You see here a bubbling coppery potion.
Things that are here:
a dagger; a kobold skeleton
Casting: Corona
Confirm with . or Enter, or press ? or * to list all spells.
Aiming: Corona
Press: ? - help, Shift-Dir - straight line, f/p - ooze
Aim: an ooze (chance to defeat MR: 44%)
The ooze is outlined in light.
The ooze hits you but does no damage.
You hit the ooze but do no damage. The ooze hits you.
You hit the ooze but do no damage. The ooze hits you.
* * * LOW HITPOINT WARNING * * *
You hit the ooze.
The ooze is lightly wounded.
The ooze hits you.
You die...

...... +.......# ##...##
...... ####...## #..##
...... ##.## #.# ### .....
#.# #.# #.. ...# ######.##
#.# #.# #..# #.......### #.#
#.# #..# #.####....# #.#
#.####..###.#####.#.#
##.#####.##....J@....# #.#.#
.......#.##....###.#.###.#.#
##.###.#.##..............#.#
##..###........#.#..)....#.#
###...#######.##.###)###.#.#
......## #.##.# #.......#
####...#################.###
#......§§.....[## #.#
#.....≈§≈§≈.....#####.#


You could see an ooze.

Vanquished Creatures
  A giant cockroach (D:2)
  A goblin (D:1)
  A kobold (D:1)
  A frilled lizard (D:1)
  A rat (D:2)
5 creatures vanquished.

Notes
Turn   | Place    | Note
-------+----------+-------------------------------------------
     0 | D:1      | Amnesiac the Mummy Enchanter began the quest for the Orb.
     0 | D:1      | Reached XP level 1. HP: 13/13 MP: 4/4
   200 | D:2      | Reached skill level 1 in Short Blades
   212 | D:2      | Noticed Ijyb
   328 | D:1      | Slain by an ooze

Vault maps used:
D:1:      lemuel_arrival_lava_pool, item_on_display_a
D:2:      kennysheep_six_static_rooms, lemuel_round_altar, lemuel_doored_altar,
          minivault_11, uniq_sigmund, uniq_iyjb, uniq_terence

Skill      XL: |  1 |
---------------+----+-----
Short Blades   | 1 |  1.0
Dodging        | |  1.6
Stealth        | |  2.4
Spellcasting   | |  2.8
Hexes          | |  2.8

Action                   || total
-------------------------++-------
Melee: Dagger            ||    11
 Cast: Corona            ||     4
 Stab: Sleeping          ||     2
Armor: Robe              ||     2
Dodge: Dodged            ||     6
